Map: Ulrena

Players

Neo - Winner!

  • Race: Terran Terran
  • League: Gold

capac

  • Race: Terran Terran
  • League: Gold

VOD

Have the link to the VOD?

Description

Time

  • Played on: May 8, 2016, 11:57 a.m.
  • Length: 13:51
Show
View Real Time Build Order
Export as new Build Order

Neo Terran - Winner!

Build Orders:  

Get SALT Encoding   

  12  0:02  SCV  
  13  0:19  Supply Depot  
  13  0:20  SCV  
  14  0:43  Barracks  
  14  0:48  Barracks  
  14  0:51  Refinery  
  14  0:58  Refinery  
  14  1:09  Supply Depot  
  14  1:21  SCV  
  15  1:38  Reaper  
  15  1:39  Reaper  
  18  1:53  Orbital Command  
  17  2:10  Reaper  
  17  2:11  Reaper  
  19  2:24  Engineering Bay  
  19  2:27  SCV  
  20  2:43  Reaper x2  
  22  3:15  Reaper x2  
  21  3:47  Reaper x2  
  20  4:19  Reaper x2  
  22  4:24  Barracks  
  22  4:26  SCV  
  22  4:28  Supply Depot  
  22  4:30  Supply Depot  
  23  4:32  Factory  
  23  4:38  SCV  
  24  4:51  Reaper x2, SCV  
  26  5:23  Reaper x2  
  24  5:55  Reaper x2  
  26  6:07  Reaper  
  26  6:09  Command Center  
  27  6:27  Reaper x2  
  29  6:39  Reaper  
  30  6:41  SCV  
  31  6:53  SCV  
  29  6:59  Reaper  
  29  7:00  Reaper  
  31  7:05  SCV  
  31  7:11  Reaper  
  30  7:17  SCV  
  31  7:29  SCV  
  30  7:31  Reaper  
  30  7:32  Reaper  
  32  7:43  Reaper  
  33  7:51  Barracks  
  33  7:54  Barracks  
  32  8:00  Supply Depot  
  32  8:02  Refinery  
  32  8:03  Supply Depot x2  
  32  8:04  Reaper x2  
  32  8:05  Refinery  
  32  8:15  Reaper  
  33  8:25  Starport  
  33  8:36  Reaper x2  
  33  8:47  Reaper  
  30  8:59  Marine x2  
  30  9:01  Planetary Fortress  
  32  9:06  Starport Tech Lab  
  32  9:08  Reaper x2, Missile Turret  
  32  9:09  SCV  
  35  9:12  Factory Tech Lab  
  35  9:16  Marine  
  35  9:17  Marine  
  36  9:19  Reaper  
  36  9:21  SCV  
  39  9:32  Banshee  
  39  9:34  Cloaking Field, Marine x2  
  44  9:40  Reaper x2, SCV  
  44  9:44  Starport  
  47  9:51  Reaper  
  47  9:52  Marine x2  
  49  9:53  SCV  
  51  10:05  SCV  
  52  10:10  Marine x2  
  52  10:12  Reaper x2  
  56  10:15  Banshee  
  56  10:17  SCV  
  60  10:23  Marine  
  60  10:28  Marine x2  
  55  10:29  SCV  
  55  10:31  Starport Tech Lab  
  56  10:38  Missile Turret  
  57  10:44  Barracks Tech Lab, Marine x2  
  57  10:45  Marine  
  57  10:46  Terran Infantry Weapons Level 1, Marine  
  60  10:53  SCV  
  60  10:54  Engineering Bay  
  61  10:58  Banshee  
  61  11:01  Banshee  
  61  11:02  Marine x2  
  69  11:05  SCV  
  67  11:26  Marauder, Marine x2  
  67  11:29  Stimpack  
  71  11:41  Medivac  
  71  11:44  Banshee, Missile Turret  
  71  11:45  Supply Depot  
  71  11:46  Missile Turret  
  76  11:49  Missile Turret  
  76  12:07  Supply Depot  
  73  12:10  Marine  
  73  12:11  Banshee  
  73  12:14  Marine x2  
  79  12:27  Banshee  
  77  12:44  Marauder, Marine x4  
  83  12:54  Banshee  
  83  12:55  SCV  
  87  13:07  SCV  
Show
View Real Time Build Order
Export as new Build Order

capac Terran 

Build Orders: Reaper Expand 

Get SALT Encoding   

  12  0:00  SCV  
  13  0:12  SCV  
  14  0:18  Supply Depot  
  14  0:25  SCV  
  15  0:40  SCV  
  15  0:41  Barracks  
  16  0:45  Refinery  
  16  0:52  SCV  
  17  1:04  SCV  
  18  1:16  SCV  
  19  1:28  Orbital Command  
  19  1:29  Reaper  
  20  1:44  Command Center  
  20  1:56  SCV  
  20  1:58  Supply Depot  
  21  2:04  Marine  
  22  2:11  Factory  
  22  2:12  SCV  
  23  2:18  Refinery  
  23  2:33  Bunker, Barracks Reactor  
  19  3:07  SCV  
  19  3:10  Marine x2  
  19  3:12  Hellion  
  24  3:19  SCV  
  20  3:31  SCV  
  20  3:34  Marine  
  19  3:44  SCV  
  18  3:56  SCV  
  19  4:15  SCV  
  20  4:27  SCV  
  21  4:39  SCV  
  24  4:45  Hellion  
  24  5:00  SCV  
  24  5:02  Marine x2  
  27  5:13  Command Center  
  27  5:20  Factory Tech Lab  
  16  5:38  Marine x2  
  16  5:41  SCV  
  17  6:03  SCV  
  18  6:12  Siege Tank  
  12  7:24  SCV  
  13  7:34  Siege Tank  
  16  7:49  SCV  
  17  7:53  SCV  
  18  8:13  Supply Depot  
  18  8:15  SCV  
  18  8:16  SCV  
  20  8:30  SCV  
  20  8:34  SCV  
  22  8:56  SCV x2  
  24  9:05  Marine x2  
  26  9:13  SCV x2  
  26  9:14  Barracks  
  28  9:18  Engineering Bay  
  28  9:24  Marine x2  
  28  9:29  SCV  
  31  9:42  Siege Tank  
  34  9:46  SCV x2  
  34  9:49  Refinery  
  36  9:55  Missile Turret  
  36  10:01  SCV x2  
  36  10:04  Barracks Tech Lab  
  38  10:08  Missile Turret  
  38  10:19  Starport  
  38  10:42  Marine x2  
  40  10:48  SCV  
  41  10:51  Marine  
  41  10:53  Stimpack  
  41  10:56  Medivac  
  44  10:59  Supply Depot  
  44  11:01  Orbital Command  
  44  11:07  Marine  
  44  11:08  Marine  
  44  11:20  Marine  
  44  11:25  Marine  
  45  11:35  SCV x2  
  47  11:45  Marine x3  
  50  11:48  Medivac  
  50  11:49  Supply Depot  
  52  12:01  Bunker, SCV  
  52  12:02  SCV  
  46  12:39  SCV x2  
  46  12:41  Supply Depot, Missile Turret  
  48  12:51  SCV  
  49  12:52  Marine, Missile Turret  
  50  13:03  Marine x2  
Tags
 
League
GoldGold
Matchup
TvT
Race
Terran
Add a new tag
Caveats
  • Supply blocks, unpowered buildings, or Contaminate may cause inaccurate times.
  • Supply counts are checked every 10 seconds.